 Dungeon Crawl Stone Soup version 0.24.0-13-gcf9b3192b9 (webtiles) character file.

Game seed: 15425996624199272817, levelgen mode: deterministic

110 Linguinho the Ruffian (level 4, -3/44 HPs)
             Began as a Troll Fighter on Nov 10, 2019.
             Slain by a gnoll
             ... wielding a +0 spear
              (11 damage)
             ... on level 2 of the Dungeon.
             The game lasted 00:01:40 (1288 turns).

Linguinho the Ruffian (Troll Fighter)               Turns: 1288, Time: 00:01:41

Health: -3/44      AC:  6    Str: 24    XL:     4   Next: 61%
Magic:  3/3        EV:  8    Int:  4    God:
Gold:   153        SH:  9    Dex: 10    Spells: 3/3 levels left

rFire    . . .     SeeInvis .     - Unarmed
rCold    + . .     Gourm    +   b - +0 shield
rNeg     . . .     Faith    .   a - +0 robe
rPois    .         Spirit   .   (helmet restricted)
rElec    .         Reflect  .   (no cloak)
rCorr    .         Harm     .   (gloves unavailable)
MR       .....                  (boots unavailable)
Stlth    +.........             (no amulet)
HPRegen  0.54/turn              e - ring of protection from cold
MPRegen  0.08/turn              (no ring)

@: no status effects
A: large, unfitting armour, claws 3, fast metabolism 3, gourmand, regeneration
1, shaggy fur 1, tough skin 3
a: no special abilities


You were on level 2 of the Dungeon.
You were completely stuffed.

You visited 1 branch of the dungeon, and saw 2 of its levels.

You collected 153 gold pieces.

Inventory:

Armour
 a - a +0 robe (worn)
 b - a +0 shield (worn)
Jewellery
 e - a ring of protection from cold (left claw)
Scrolls
 f - 3 scrolls of identify {unknown}
 g - a scroll of enchant armour {unknown}
 i - a scroll of remove curse {unknown}
Potions
 c - a potion of might
 h - a potion of curing {unknown}
 j - a potion of lignification {unknown}
Comestibles
 d - 2 rations
 k - 6 chunks of flesh


   Skills:
 + Level 2.9 Fighting
 - Level 2.4 Dodging
 * Level 3.3 Shields
 * Level 3.4 Unarmed Combat


You had 3 spell levels left.
You didn't know any spells.
Your spell library was empty.

Dungeon Overview and Level Annotations

Branches:
Dungeon (2/15)

Altars:

Annotations:
D:2 1 runed translucent door, Crazy Yiuf


Innate Abilities, Weirdness & Mutations

You are too large for most types of armour.
You have claws for hands.
Your metabolism is lightning-fast.
You like to eat raw meat.
Your natural rate of healing is unusually fast.
You are covered in fur. (AC +1)
You have extremely tough skin. (AC +3)


Message History

The gnoll hits you but does no damage. You block the gnoll's attack.
There is an open door here.
Your shield prevents you from hitting the gnoll.
You block the gnoll's attack.
You claw the gnoll!
You kill the gnoll!
The gnoll hits you from afar with a +0 spear.
* * * LOW HITPOINT WARNING * * *
There is an open door here.
As you open the door, it creaks loudly! You block the gnoll's attack.
There is an open door here.
There is an open door here.
You barely miss the gnoll. The gnoll hits you with a +0 spear!
* * * LOW HITPOINT WARNING * * *
The gnoll barely misses you.
You completely miss the gnoll. You block the gnoll's attack.
You closely miss the gnoll. You block the gnoll's attack.
The gnoll hits you with a +0 spear!
You die...

######## ....(..######## #######
.#####........###.....###########
.'............gg@.....)..........
)#####........###<...............
.# #........#....#+########.###
.# #....^...#.##.#.#.#####.....
.# #.......รท#.##.#.#...........
.+ ..........'........#.........
.# #.#.......(#.##.#.#.#<........
.# #.#......[.#.#..#.#...#.....).
.# #.###....#.#.##.#...#.#..#.<


You could see 2 gnolls.

Vanquished Creatures
  A worker ant (D:2)
  2 gnolls (D:2)
  A shadow imp (D:2)
  An ooze (D:1)
  2 worms (D:2)
  3 dart slugs
  2 leopard geckos (D:1)
  3 bats (D:1)
  A giant cockroach (D:1)
  6 goblins
  2 hobgoblins (D:2)
  2 jackals (D:2)
  7 kobolds
  A quokka (D:2)
  4 frilled lizards
  5 rats
43 creatures vanquished.

Notes
Turn   | Place    | Note
-------+----------+-------------------------------------------
     0 | D:1      | Linguinho the Troll Fighter began the quest for the Orb.
     0 | D:1      | Reached XP level 1. HP: 22/22 MP: 0/0
   208 | D:1      | Reached XP level 2. HP: 29/29 MP: 1/1
   792 | D:1      | Reached XP level 3. HP: 35/36 MP: 2/2
  1057 | D:2      | Found a runed translucent door.
  1058 | D:2      | Noticed Crazy Yiuf
  1216 | D:2      | Reached XP level 4. HP: 35/44 MP: 3/3
  1288 | D:2      | Slain by a gnoll

Levels and vault maps discovered:
D:1:      mainiacjoe_arrival_reflecting_pool, layout_basic,
          minmay_misc_feat_doors, bh_walls_and_bars
D:2:      layout_basic, uniq_crazy_yiuf_cottage

Skill      XL: |  1  2  3 |
---------------+----------+-----
Shields        | 3 |  3.3
Unarmed Combat | 3 |  3.4
Fighting       | |  2.9
Dodging        | |  2.4

Action                   |  1- 3 |  4- 6 || total
-------------------------+-------+-------++-------
Melee: Unarmed           |    85 |    21 ||   106
 Stab: Sleeping          |     3 |       ||     3
  Eat: Chunk             |    13 |     1 ||    14
       Ration            |     1 |       ||     1
Armor: Robe              |    26 |     8 ||    34
Dodge: Dodged            |    22 |    10 ||    32
Block: Shield            |    41 |    13 ||    54
